 Dungeon Crawl Stone Soup version 0.31-a0-354-g827e0957a7 (webtiles) character file.

Game seed: 5998408788842944390

630 Bnni the Changeling (level 7, -1/46 HPs)
             Began as an Octopode Shapeshifter on July 24, 2023.
             Slain by a gnoll
             ... wielding a +0 halberd
             ... led by a gnoll bouda
              (13 damage)
             ... on level 4 of the Dungeon.
             The game lasted 00:06:23 (3756 turns).

Bnni the Changeling (Octopode Shapeshifter)         Turns: 3756, Time: 00:06:24

Health: -1/46      AC:  1    Str: 14    XL:     7   Next: 48%
Magic:  7/7        EV: 14    Int: 10    God:
Gold:   98         SH:  0    Dex: 21    Spells: 6/6 levels left

rFire   . .          .
                       - Unarmed
rCold   . . .        (no shield)
rNeg    + . .        (helmet currently unavailable)
rPois   .            (no amulet)
rElec   .            c - ring of wizardry
rCorr   .            q - ring of positive energy
SInv    .            o - +6 ring of dexterity
Will    .....        (no ring)
Stlth   +++          (no ring)
HPRegen 0.27/turn    (no ring)
MPRegen 0.10/turn    (no ring)
                     (no ring)

%: wizardry (x1)
@: beast-form
A: beast (slay +3), almost no armour, amphibious, 8 rings, camouflage 1,
gelatinous body 1, (nimble swimmer 1), tentacles
a: Begin Untransformation


You were on level 4 of the Dungeon.
You were a hulking beast.
You visited 1 branch of the dungeon, and saw 4 of its levels.
You also visited: Sewer.

You collected 142 gold pieces.
You spent 44 gold pieces at shops.

Inventory:

Hand Weapons
 p - a +0 dagger of venom
Missiles
 u - a throwing net
Jewellery
 c - a ring of wizardry (left tentacle)
 f - a ring of fire
 o - a +6 ring of dexterity (on tentacle)
 q - a ring of positive energy (right tentacle)
Talismans
 b - a beast talisman
 i - a talisman of death
Wands
 v - a wand of roots (2)
Scrolls
 d - a scroll of teleportation {unknown}
 e - a scroll of enchant armour {unknown}
 h - a scroll of acquirement
 k - 2 scrolls of blinking {unknown}
 m - 2 scrolls of fear {unknown}
 r - a scroll of poison {unknown}
 w - 2 scrolls of fog
Potions
 a - 2 potions of lignification
 j - 2 potions of haste
 l - 4 potions of curing
 n - a potion of might
 s - 2 potions of cancellation
 t - 4 potions of mutation
 x - a potion of brilliance


   Skills:
 + Level 3.6 Fighting
 - Level 2.0 Dodging
 + Level 2.4 Stealth
 + Level 5.1 Unarmed Combat
 * Level 5.2 Shapeshifting


You had 6 spell levels left.
You didn't know any spells.
Your spell library was empty.

Dungeon Overview and Level Annotations

Branches:
Dungeon (4/15)              Sewer (visited)
 Temple: D:4-7

Altars:
Cheibriados
Fedhas
Zin

Shops:
D:1 *

Annotations:
D:4 Sigmund


Innate Abilities, Weirdness & Mutations

You are a hulking beast.
Your limbs bulge with bestial killing power. (Slay +3)
You cannot wear most types of armour.
You are amphibious.
You can wear up to eight rings at the same time.
Your skin changes colour to match your surroundings (Stealth+).
Your rubbery body absorbs attacks. (AC +1, EV +1)
((You are camouflaged when in or above water. (Stealth+)))
You have tentacles for arms and can constrict up to eight enemies at once.


Message History

The gnoll hits you with a +0 whip. The gnoll barely misses you.
You tentacle-slap the gnoll. You squeeze the gnoll.
The gnoll is severely wounded.
Your attacks no longer feel as feeble.
You constrict the gnoll. The gnoll misses you.
The gnoll hits you from afar with a +0 halberd!
* * * LOW HITPOINT WARNING * * *
You release your grip on the gnoll.
You tentacle-slap the gnoll.
You kill the gnoll!
The kobold throws a stone.
The stone barely misses you.
The gnoll bouda calls upon its god to heal the gnoll.
The gnoll is healed somewhat.
A gnoll comes into view. It is wielding a +0 flail.
The kobold throws a stone.
The stone misses you.
The gnoll is no longer moving quickly.
The kobold throws a stone.
The stone misses you.
The gnoll bouda calls upon its god to heal the gnoll.
The gnoll's wounds heal themselves!
Okay, then.
Okay, then.
A gnoll comes into view. It is wielding a +0 flail.
The gnoll shouts!
The gnoll bouda barks out a call to the hunt!
The gnoll picks up the pace!
You hear a shout!
As you read the scroll labelled QOSHRO NUVVI, it dissolves into smoke.
It was a scroll of fog.
The kobold throws a stone.
The stone barely misses you. The gnoll closely misses you.
The gnoll closely misses you.
You tentacle-slap the gnoll. You grab the gnoll.
The gnoll is moderately wounded.
You constrict the gnoll.
The gnoll hits you from afar with a +0 halberd.
* * * LOW HITPOINT WARNING * * *
The gnoll hits you with a +0 flail.
* * * LOW HITPOINT WARNING * * *
You feel better.
You constrict the gnoll.
The gnoll hits you from afar with a +0 halberd!
You die...

### #.# #.# ..# ###
#§# ..# #g# #.#
#h######
#######.###§§§...#
..........Kg§§...#
........§..§...#
########
#.##.#K.......#
#.......
#....g......###
#...... #.##.#....###
#####...... #g#....###
#...#......
#.#..)###?.#...######.


You could see 2 gnolls and a kobold.

Vanquished Creatures
  Pargi (Sewer)
  A black bear (D:4)
  An ogre (D:4)
  A phantom (D:4)
  A hound (D:4)
  A jelly (D:4)
  Jessica (D:2)
  2 orc wizards (D:4)
  4 gnolls
  An adder (D:4)
  An ufetubus (D:4)
  A worm (D:4)
  3 dart slugs
  8 orcs (D:4)
  8 endoplasms
  3 giant cockroaches (D:4)
  10 goblins
  5 hobgoblins
  A jackal (Sewer)
  6 kobolds
  4 quokkas
  8 ball pythons
  6 bats
  5 frilled lizards
  8 rats
91 creatures vanquished.

Notes
Turn   | Place    | Note
-------+----------+-------------------------------------------
     0 | D:1      | Bnni the Octopode Shapeshifter began the quest for the Orb.
     0 | D:1      | Reached XP level 1. HP: 13/13 MP: 1/1
   185 | D:1      | Reached XP level 2. HP: 18/18 MP: 2/2
   684 | D:1      | Reached XP level 3. HP: 23/23 MP: 3/3
   764 | D:1      | Found Udiafo Qicu's Assorted Antiques.
  1092 | D:2      | Noticed Jessica
  1102 | D:2      | Killed Jessica
  1110 | D:2      | Reached XP level 4. HP: 14/29 MP: 4/4
  2440 | D:3      | Found a snail-covered altar of Cheibriados.
  2602 | D:4      | Noticed an ogre
  2609 | D:4      | Killed an ogre
  2610 | D:4      | Reached XP level 5. HP: 35/35 MP: 5/5
  2734 | D:4      | Noticed a black bear
  2749 | D:4      | Reached XP level 6. HP: 36/41 MP: 6/6
  2756 | D:4      | Found a glowing drain.
  2758 | D:4      | Killed a black bear
  2823 | Sewer    | Entered a sewer
  2894 | Sewer    | Noticed Pargi
  2920 | Sewer    | Killed Pargi
  2921 | Sewer    | Reached skill level 1 in Stealth
  3023 | D:4      | Reached XP level 7. HP: 42/46 MP: 7/7
  3027 | D:4      | Reached skill level 5 in Shapeshifting
  3181 | D:4      | Noticed Sigmund
  3305 | D:1      | Bought a coppery potion for 22 gold pieces
  3305 | D:1      | Bought an amethyst potion for 22 gold pieces
  3308 | D:1      | Identified a scroll of acquirement
  3501 | D:4      | Reached skill level 5 in Unarmed Combat
  3508 | D:4      | Found a blossoming altar of Fedhas.
  3630 | D:4      | Found a glowing silver altar of Zin.
  3756 | D:4      | Slain by a gnoll

Illustrated notes

Levels and vault maps discovered:
D:1:      minmay_arrival_semitransparent, layout_basic, serial_shops,
          nicolae_lakefront_shop
D:2:      layout_basic, st_stairs_13, minmay_small_reverse_x, uniq_jessica
D:3:      layout_rooms, mainiacjoe_overflow_alcove_2, grunt_ministairs_7,
          minmay_misc_feat_iff, minmay_crystal_water, st_stairs_9
D:4:      layout_basic, fedhas_altar_fruit_tree, zin_scriptorium,
          gup_sewer_entry_glass, uniq_edmund, uniq_sigmund

Skill      XL: |  1  2  3  4  5  6  7 |
---------------+----------------------+-----
Fighting       | 2 3 |  3.6
Unarmed Combat | 4 5 |  5.1
Shapeshifting  | 4 5 |  5.2
Stealth        | 1 2 |  2.4
Dodging        | |  2.0

Action                     |  1- 3 |  4- 6 |  7- 9 || total
---------------------------+-------+-------+-------++-------
  Melee: Unarmed           |    50 |    73 |    45 ||   168
         Constrict         |    12 |    16 |    11 ||    39
         Tentacles         |     5 |    17 |    12 ||    34
         Punch             |       |     2 |     3 ||     5
  Throw: Throwing net      |       |     1 |       ||     1
  Evoke: Wand              |       |     2 |       ||     2
    Use: Scroll            |       |     6 |     5 ||    11
         Potion            |       |       |     2 ||     2
   Stab: Sleeping          |    11 |     8 |     2 ||    21
         Held in net/web   |       |     1 |       ||     1
 Armour: Skin              |     2 |     3 |     2 ||     7
  Dodge: Dodged            |    18 |    33 |    35 ||    86
   Form: Death             |     1 |       |       ||     1
         Beast             |     1 |       |       ||     1

Table legend: (Time is in decaauts)
 A = Elapsed time spent in this place.
 B = Non-inter-level travel time spent in this place.
 C = Inter-level travel time spent in this place.
 D = Time resting spent in this place.
 E = Time spent auto-exploring this place.
 F = Levels seen in this place.
 G = Mean time per level.
                   A        B        C        D        E       F      G
               +--------+--------+--------+--------+--------+-----+--------+
         Total |   3744 |   3460 |    284 |    179 |   2534 |   5 |  748.8 |
       Dungeon |   3571 |   3287 |    284 |    179 |   2446 |   4 |  892.8 |
         Sewer |    172 |    172 |      0 |      0 |     88 |   1 |  172.0 |
               +--------+--------+--------+--------+--------+-----+--------+

Top non-repeatable levels by time:
     D:1: 1107 daAuts
     D:2: 1036 daAuts
     D:4: 821 daAuts
     D:3: 605 daAuts
   Sewer: 172 daAuts
